 Dungeon Crawl Stone Soup version 0.29-a0-923-g6e406bff71 (webtiles) character file.

Game seed: 5387466524759832306

59 Destapler the Firebug (level 4, -1/21 HPs)
             Began as a Gargoyle Fire Elementalist on July 27, 2022.
             Was a Follower of Hepliaklqana.
             Slain by a gnoll
             ... wielding a +0 flail
              (11 damage)
             ... on level 2 of the Dungeon on July 28, 2022.
             The game lasted 00:13:07 (1515 turns).

Destapler the Firebug (Gargoyle Fire Elementalist)  Turns: 1515, Time: 00:13:07

Health: -1/21      AC:  5    Str: 11    XL:     4   Next: 3%
Magic:  0/7        EV: 12    Int: 18    God:    Hepliaklqana [*.....]
Gold:   75         SH:  0    Dex: 10    Spells: 4/7 levels left

rFire   . . .      SeeInvis .   a - +0 morningstar
rCold   . . .      Faith    .   (no shield)
rNeg    + . .      Spirit   .   f - +0 robe
rPois   ∞          Reflect  .   (no helmet)
rElec   +          Harm     .   e - scarf {repulsion}
rCorr   .          Rampage  .   (no gloves)
Will    .....                   (no boots)
Stlth   ++........              (no amulet)
HPRegen 0.07/turn               (no ring)
MPRegen 0.10/turn               (no ring)

@: repel missiles
A: reduced essence, sickness immunity, AC +3, negative energy resistance 1,
electricity resistance, torment resistance 1, petrification resistance
a: Renounce Religion, Recall Ancestor, Ancestor Identity


You were on level 2 of the Dungeon.
You worshipped Hepliaklqana.
Hepliaklqana was aware of your devotion.
You visited 1 branch of the dungeon, and saw 2 of its levels.

You collected 75 gold pieces.

Inventory:

Hand Weapons
 a - a +0 morningstar (weapon)
Armour
 e - a scarf of repulsion (worn)
 f - a +0 robe (worn)
Wands
 p - a wand of paralysis (11)
Scrolls
 c - a scroll of amnesia {unknown}
 g - 5 scrolls of identify {unknown}
 h - 2 scrolls of fear {unknown}
 k - a scroll of summoning {unknown}
 l - a scroll of butterflies {unknown}
 m - 2 scrolls of teleportation {unknown}
 n - a scroll of magic mapping {unknown}
 o - a scroll of noise {unknown}
 q - a scroll of enchant weapon {unknown}
Potions
 b - a potion of magic
 d - 3 potions of heal wounds {unknown}
 i - 2 potions of mutation {unknown}
 j - 2 potions of curing {unknown}


   Skills:
 * Level 0.8 Fighting
 + Level 0.3 Maces & Flails
 + Level 0.6 Armour
 + Level 2.0 Dodging
 + Level 2.6 Stealth
 + Level 0.5 Shields
 + Level 2.3 Spellcasting
 + Level 1.8 Conjurations
 + Level 3.3 Fire Magic


You had 4 spell levels left.
You knew the following spells:

 Your Spells              Type           Power      Damage    Failure   Level
a - Foxfire               Conj/Fire      44%        2x1d6     6%          1
b - Scorch                Fire           26%        2d6       7%          2

Your spell library contained the following spells:

 Spells                   Type           Power      Damage    Failure   Level
 Magic Dart               Conj           32%        1d4       9%          1
 Conjure Flame            Conj/Fire      11%        6-21      19%         3
 Call Imp                 Summ           2%         N/A       26%         2
 Inner Flame              Hex/Fire       8%         N/A       26%         3
 Mephitic Cloud           Conj/Pois/Air  4%         N/A       38%         3
 Gell's Gravitas          Tloc           2%         N/A       47%         3
 Lesser Beckoning         Tloc           2%         N/A       47%         3
 Teleport Other           Tloc           2%         N/A       47%         3
 Flame Wave               Conj/Fire      11%        2d6       52%         4
 Petrify                  Tmut/Erth      2%         N/A       87%         4
 Metabolic Englaciation   Hex/Ice        1%         N/A       99%         5
 Statue Form              Tmut/Erth      Unusable   N/A       N/A         6

Dungeon Overview and Level Annotations

Branches:
Dungeon (2/15)

Altars:
Cheibriados
Hepliaklqana


Innate Abilities, Weirdness & Mutations

Your life essence is reduced to manifest your ancestor. (-10% HP)
You are immune to sickness and miasma.
Your stone body is resilient. (AC +3)
You are immune to poison.
You resist negative energy. (rN+)
You are resistant to electric shocks. (rElec)
You are resistant to unholy torment.
You are immune to petrification.


Message History

Gang up on whom?
Press: ? - help, Dir - move target, f - gnoll
Aim: a gnoll, wielding a +0 flail of holy wrath (ally target) Attack!
You conjure some foxfire!
The gnoll hits Msizi with a +0 flail of holy wrath!
Msizi is destroyed!
Casting: Foxfire (safe; 7% risk of failure)
Confirm with . or Enter, or press ? or * to list all spells.
Flames lash the gnoll.
The gnoll is heavily wounded.
The gnoll's fire resistance burns away.
The foxfire hits the gnoll.
The gnoll is burned terribly!
The gnoll is severely wounded.
The foxfire hits the gnoll.
The gnoll is burned terribly!
You kill the gnoll!
Your Dodging skill increases to level 2!
You have reached level 4!
You feel clever.
Casting: Scorch (safe; 7% risk of failure)
Confirm with . or Enter, or press ? or * to list all spells.
You conjure some foxfire!
The foxfire hits the gnoll.
The gnoll is moderately wounded.
Casting: Foxfire (safe; 6% risk of failure)
Press: ? - help, Q - select action, (/) - cycle Dir - look around, f - activate Look: a gnoll, wielding a +0 flail (moderately wounded, ally target)
Okay, then.
Casting: Foxfire (safe; 6% risk of failure)
Confirm with . or Enter, or press ? or * to list all spells.
Flames lash the gnoll.
The gnoll is severely wounded.
The gnoll's fire resistance burns away.
The foxfire hits the gnoll.
The gnoll is severely wounded.
You don't have enough magic to cast this spell.
The gnoll hits you with a +0 flail.
The gnoll hits you from afar with a +0 spear.
The gnoll attacks as you move away! The gnoll hits you with a +0 flail.
The gnoll attacks as you move away! The gnoll hits you with a +0 flail!
Ouch! That really hurt!
You die...

#...####.........####.......#.###
##.## #.......## #.......#.# ####
#.......# #.#...###.# ...#
##.._..## #.#...###.# ##.#
#.....# #.........# #.# #.....#
#####.##### #.#
######.############.# #.#
##...##.###.g........#
#.###.###)...##@#........#
#.##.## ##....#.#g#####..# #...##
##..##.#.# #..# ###.# #.###.#.#
#..# #.# #.# #.... ...# ##. ...
..... #.## #. ### ###.. ..# #. ##
## ##


You could see a gnoll (combustible).

Vanquished Creatures
  A gnoll (D:2)
  5 ball pythons (D:1)
  4 endoplasms
  6 giant cockroaches
  4 goblins
  4 hobgoblins
  2 jackals (D:2)
  A kobold (D:1)
  A quokka (D:1)
  7 bats
  2 frilled lizards
  4 rats
41 creatures vanquished.

Vanquished Creatures (collateral kills)
  A bat (D:2)
1 creature vanquished.

Vanquished Creatures (others)
  An ancestor (D:2)
  66 foxfires
67 creatures vanquished.

Grand Total: 109 creatures vanquished

Notes
Turn   | Place    | Note
-------+----------+-------------------------------------------
     0 | D:1      | Destapler the Gargoyle Fire Elementalist began the quest
                  | for the Orb.
     0 | D:1      | Reached XP level 1. HP: 10/10 MP: 3/3
   240 | D:1      | Reached XP level 2. HP: 15/15 MP: 3/5
   498 | D:1      | Learned a level 2 spell: Scorch
   672 | D:1      | Reached XP level 3. HP: 19/19 MP: 6/6
   797 | D:2      | Found a snail-covered altar of Cheibriados.
   833 | D:2      | Found a faded altar of an unknown god.
   851 | D:2      | Prayed at the altar of an unknown god.
   851 | D:2      | Became a worshipper of Hepliaklqana the Forgotten
   851 | D:2      | Reached * piety under Hepliaklqana
  1511 | D:2      | Reached XP level 4. HP: 21/21 MP: 3/7
  1515 | D:2      | Slain by a gnoll

Illustrated notes

Levels and vault maps discovered:
D:1:      minmay_arrival_hallway, layout_rooms
D:2:      layout_loops_corners, hellmonk_ecumenical_altar_lost_god, basic_altar,
          minmay_worlds_worst_comb

Skill      XL: |  1  2  3 |
---------------+----------+-----
Dodging        | 2 |  2.0
Fighting       | |  0.8
Maces & Flails | |  0.3
Armour         | |  0.6
Stealth        | |  2.6
Shields        | |  0.5
Spellcasting   | |  2.3
Conjurations   | |  1.8
Fire Magic     | |  3.3

Action                   |  1- 3 |  4- 6 || total
-------------------------+-------+-------++-------
Melee: Unarmed           |     5 |       ||     5
       Morningstar       |    51 |       ||    51
       Short sword       |     1 |       ||     1
 Cast: Foxfire           |    40 |     1 ||    41
       Scorch            |     1 |     1 ||     2
 Stab: Sleeping          |     2 |       ||     2
Armor: Robe              |    34 |       ||    34
Dodge: Dodged            |    49 |       ||    49

Table legend: (Time is in decaauts)
 A = Elapsed time spent in this place.
 B = Non-inter-level travel time spent in this place.
 C = Inter-level travel time spent in this place.
 D = Time resting spent in this place.
 E = Time spent auto-exploring this place.
 F = Levels seen in this place.
 G = Mean time per level.
                   A        B        C        D        E       F      G
               +--------+--------+--------+--------+--------+-----+--------+
         Total |   1539 |   1527 |     12 |    132 |   1038 |   2 |  769.5 |
       Dungeon |   1539 |   1527 |     12 |    132 |   1038 |   2 |  769.5 |
               +--------+--------+--------+--------+--------+-----+--------+

Top non-repeatable levels by time:
     D:1: 775 daAuts
     D:2: 764 daAuts
